Map: Inside and Out

Players

Nina - Winner!

  • Race: Protoss Protoss
  • Spawn Location: 1:00

Maplez

  • Race: Protoss Protoss
  • Spawn Location: 7:00

Event: DreamHack SC2 Masters 2022 Atlanta (Offline)

VOD

Have the link to the VOD?

Description

Time

  • Played on: Nov. 18, 2022, 11:41 a.m.
  • Length: 11:38

All games in this series

Show
View Real Time Build Order
Export as new Build Order

Nina Protoss - Winner!

Build Orders: Oracle Opening 

Get SALT Encoding   

  12  0:00  Probe  
  13  0:12  Probe  
  14  0:17  Pylon  
  14  0:24  Probe  
  15  0:36  Probe (Chrono Boost)  
  15  0:38  Gateway  
  16  0:46  Probe (Chrono Boost)  
  17  0:55  Pylon  
  17  0:56  Probe  
  18  1:05  Assimilator  
  18  1:09  Probe (Chrono Boost)  
  19  1:20  Assimilator  
  19  1:21  Probe (Chrono Boost)  
  19  1:23  Pylon  
  20  1:28  Probe (Chrono Boost)  
  20  1:32  Cybernetics Core  
  21  1:35  Probe  
  22  1:46  Zealot  
  24  1:47  Probe  
  25  1:59  Probe  
  26  2:11  Probe  
  26  2:14  Stargate  
  26  2:24  Probe  
  26  2:25  Stalker (Chrono Boost)  
  29  2:33  Shield Battery  
  29  2:36  Warp Gate  
  29  2:42  Nexus  
  29  2:48  Pylon  
  29  2:57  Stalker  
  31  3:04  Oracle (Chrono Boost)  
  31  3:09  Probe  
  33  3:21  Probe  
  34  3:33  Probe, Pylon  
  35  3:37  Gateway  
  35  3:38  Oracle  
  38  3:45  Probe  
  38  3:46  Shield Battery  
  39  3:55  Probe  
  40  3:57  Probe  
  41  4:04  Twilight Council  
  41  4:07  Probe  
  42  4:10  Probe (Chrono Boost)  
  42  4:16  Gateway  
  43  4:19  Probe (Chrono Boost)  
  43  4:22  Probe (Chrono Boost)  
  45  4:24  Stalker  
  45  4:28  Probe (Chrono Boost)  
  45  4:30  Probe (Chrono Boost)  
  49  4:32  Stalker  
  49  4:33  Probe  
  49  4:37  Pylon  
  52  4:40  Blink (Chrono Boost)  
  52  4:45  Probe  
  53  4:49  Stalker  
  55  4:55  Probe  
  55  4:58  Stalker, Assimilator  
  55  4:59  Probe  
  59  5:07  Probe  
  59  5:09  Pylon  
  59  5:11  Stalker  
  62  5:18  Stalker  
  64  5:27  Nexus  
  64  5:30  Stalker  
  66  5:37  Stalker  
  66  5:38  Probe  
  66  5:40  Pylon  
  69  5:43  Stalker  
  69  5:45  Probe  
  72  5:51  Pylon  
  72  5:53  Stalker  
  74  6:00  Robotics Facility  
  74  6:03  Stalker  
  76  6:05  Probe  
  76  6:06  Probe  
  78  6:13  Stalker  
  78  6:17  Probe  
  81  6:18  Stalker  
  81  6:19  Probe  
  81  6:24  Shield Battery  
  84  6:30  Probe (Chrono Boost)  
  84  6:32  Stalker  
  87  6:38  Forge  
  88  6:40  Stalker  
  88  6:41  Probe (Chrono Boost)  
  88  6:43  Probe (Chrono Boost)  
  88  6:44  Stalker  
  88  6:45  Probe (Chrono Boost)  
  88  6:46  Probe (Chrono Boost)  
  94  6:47  Probe (Chrono Boost)  
  94  6:49  Observer (Chrono Boost)  
  94  6:54  Gateway  
  97  6:55  Probe  
  97  6:56  Probe  
  97  6:59  Stalker  
  101  7:03  Stalker  
  101  7:06  Protoss Ground Weapons Level 1 (Chrono Boost)  
  101  7:07  Probe  
  101  7:08  Probe, Pylon  
  105  7:09  Pylon  
  105  7:10  Probe  
  106  7:20  Probe  
  107  7:29  Stalker x3  
  111  7:30  Probe  
  111  7:32  Assimilator  
  111  7:33  Assimilator  
  111  7:34  Pylon  
  112  7:38  Nexus  
  106  7:56  Stalker x2  
  106  7:57  Stalker x2  
  114  7:58  Probe (Chrono Boost)  
  114  8:05  Probe x2 (Chrono Boost), Assimilator  
  117  8:09  Probe (Chrono Boost)  
  117  8:11  Gateway  
  120  8:13  Probe x3 (Chrono Boost)  
  120  8:14  Gateway x2  
  120  8:17  Observer, Gateway  
  122  8:33  Observer  
  114  8:41  Stalker x2  
  114  8:42  Stalker x2  
  114  8:43  Probe x3  
  114  8:46  Photon Cannon, Protoss Ground Weapons Level 2 (Chrono Boost)  
  125  8:50  Charge (Chrono Boost), Photon Cannon  
  125  8:55  Probe  
  125  8:56  Probe x3  
  125  8:58  Pylon  
  125  8:59  Gateway  
  128  9:07  Probe  
  128  9:08  Probe x2  
  128  9:09  Stalker x4  
  139  9:13  Stalker  
  139  9:16  Observer (Chrono Boost)  
  142  9:20  Probe x3  
  142  9:22  Assimilator  
  142  9:24  Assimilator, Pylon  
  145  9:25  Pylon  
  145  9:26  Pylon  
  145  9:34  Stalker x3  
  145  9:36  Pylon  
  151  9:39  Photon Cannon  
  151  9:43  Shield Battery  
  151  9:50  Stalker  
  151  9:51  Stalker x2  
  156  9:56  Stalker x3  
  162  10:03  Pylon  
  162  10:07  Stalker x3  
  168  10:15  Pylon  
  166  10:22  Stalker x2  
  166  10:23  Stalker x4  
  178  10:32  Nexus  
  178  10:35  Pylon  
  178  10:37  Stalker x3  
  182  10:50  Pylon  
  182  10:54  Gateway  
  182  10:56  Stalker x6  
  178  11:15  Stalker x3  
  130  11:28  Stalker x6  
Show
View Real Time Build Order
Export as new Build Order

Maplez Protoss 

Build Orders: Blink Stalkers 

Get SALT Encoding   

  12  0:00  Probe  
  13  0:12  Probe  
  14  0:18  Pylon  
  14  0:24  Probe  
  15  0:37  Probe (Chrono Boost)  
  15  0:39  Gateway  
  16  0:46  Probe (Chrono Boost)  
  16  0:47  Assimilator  
  17  0:51  Probe (Chrono Boost)  
  18  1:03  Probe (Chrono Boost)  
  19  1:15  Probe (Chrono Boost)  
  19  1:16  Assimilator  
  20  1:19  Pylon  
  20  1:22  Probe (Chrono Boost)  
  21  1:32  Cybernetics Core  
  21  1:38  Pylon  
  21  1:41  Probe  
  21  1:48  Zealot (Chrono Boost)  
  23  1:54  Probe  
  24  2:06  Probe  
  25  2:11  Warp Gate  
  25  2:12  Stalker (Chrono Boost)  
  27  2:18  Probe  
  27  2:20  Pylon  
  28  2:31  Probe  
  29  2:40  Nexus  
  29  2:48  Pylon  
  29  2:50  Probe  
  30  3:00  Twilight Council  
  30  3:04  Probe  
  31  3:16  Probe  
  32  3:24  Gateway  
  32  3:28  Probe  
  32  3:30  Shield Battery  
  31  3:36  Shield Battery, Blink (Chrono Boost)  
  31  3:40  Probe  
  32  3:53  Probe  
  32  3:55  Probe  
  34  4:00  Stalker  
  34  4:05  Probe  
  34  4:07  Probe  
  35  4:17  Probe  
  35  4:18  Pylon  
  35  4:19  Probe  
  35  4:21  Stalker  
  39  4:25  Stalker  
  39  4:29  Probe  
  42  4:31  Probe  
  42  4:37  Pylon  
  43  4:39  Pylon  
  43  4:41  Probe  
  43  4:44  Stalker  
  46  4:46  Probe  
  47  4:53  Stalker  
  47  4:54  Probe  
  47  4:58  Probe  
  51  5:03  Gateway  
  51  5:06  Probe  
  52  5:10  Probe  
  53  5:18  Probe, Stalker x2  
  58  5:22  Probe  
  59  5:30  Probe  
  59  5:34  Probe  
  61  5:36  Nexus  
  61  5:39  Pylon  
  61  5:41  Stalker  
  63  5:46  Probe  
  63  5:47  Assimilator  
  64  5:52  Probe  
  64  5:56  Stalker  
  67  5:58  Probe  
  67  6:02  Stalker  
  70  6:04  Probe  
  70  6:07  Stalker  
  70  6:10  Probe  
  70  6:11  Gateway  
  74  6:17  Probe  
  74  6:19  Robotics Facility  
  74  6:22  Probe  
  74  6:24  Stalker  
  77  6:29  Probe, Forge  
  78  6:33  Shield Battery  
  78  6:34  Probe  
  79  6:40  Stalker x2  
  79  6:41  Probe  
  79  6:46  Probe (Chrono Boost)  
  85  6:49  Stalker  
  85  6:51  Probe (Chrono Boost)  
  89  6:54  Probe (Chrono Boost)  
  89  6:56  Protoss Ground Weapons Level 1 (Chrono Boost)  
  89  6:59  Probe (Chrono Boost)  
  90  7:04  Probe (Chrono Boost)  
  90  7:07  Probe (Chrono Boost), Stalker x2  
  90  7:08  Stalker  
  97  7:12  Observer  
  97  7:13  Stalker  
  100  7:17  Probe  
  101  7:26  Pylon  
  101  7:29  Pylon x2  
  101  7:31  Pylon  
  101  7:44  Probe x2  
  101  7:47  Stalker x2  
  101  7:48  Probe  
  108  7:52  Nexus, Immortal (Chrono Boost)  
  108  7:57  Stalker x2  
  110  8:00  Probe  
  110  8:03  Gateway  
  110  8:04  Gateway  
  111  8:08  Assimilator  
  111  8:13  Gateway  
  111  8:14  Probe x2  
  111  8:15  Probe  
  111  8:16  Gateway  
  114  8:23  Stalker  
  114  8:24  Stalker  
  114  8:25  Observer  
  116  8:28  Charge  
  116  8:32  Probe  
  111  8:35  Observer, Stalker x2  
  113  8:46  Protoss Ground Weapons Level 2 (Chrono Boost)  
  113  8:48  Stalker x2  
  117  8:49  Immortal (Chrono Boost)  
  121  8:58  Stalker x2  
  125  9:04  Probe x3  
  125  9:06  Assimilator  
  125  9:07  Assimilator  
  125  9:09  Probe  
  129  9:14  Photon Cannon  
  129  9:16  Probe, Stalker  
  132  9:17  Probe, Pylon  
  132  9:18  Probe  
  132  9:23  Pylon  
  135  9:31  Stalker x2  
  140  9:33  Stalker  
  140  9:35  Warp Prism (Chrono Boost), Probe  
  141  9:39  Probe  
  141  9:44  Probe  
  145  9:46  Observer  
  145  9:47  Probe  
  145  9:49  Stalker  
  145  9:50  Stalker x3  
  154  9:57  Zealot  
  156  10:01  Pylon  
  156  10:02  Pylon  
  156  10:03  Pylon x3  
  156  10:25  Stalker x6  
  156  10:26  Robotics Bay, Stalker  
  170  10:28  Robotics Facility  
  170  10:29  Zealot  
  170  10:35  Probe x3  
  175  10:39  Assimilator  
  175  10:40  Dark Shrine, Assimilator  
  175  10:49  Stalker x3  
  181  10:50  Stalker x2  
  181  10:53  Stalker  
  183  11:02  Zealot x2  
  176  11:08  Probe  
  152  11:13  Zealot x5  
  152  11:15  Probe  
  152  11:16  Probe  
  135  11:20  Probe  
  135  11:25  Stalker x3  
  116  11:31  Nexus  
Tags
 
Add a new tag
Caveats
  • Supply blocks, unpowered buildings, or Contaminate may cause inaccurate times.
  • Supply counts are checked every 10 seconds.